 Dungeon Crawl Stone Soup version 0.30.0-16-gbe6223bb7e (webtiles) character file.

Game seed: 370985085210702652

4941 Pooter the Cleaver (level 10, -1/92 HPs)
             Began as a Minotaur Berserker on May 20, 2023.
             Was a Priest of Trog.
             Slain by a catoblepas (22 damage)
             ... on level 8 of the Dungeon.
             The game lasted 00:44:39 (9029 turns).

Pooter the Cleaver (Minotaur Berserker)             Turns: 9029, Time: 00:44:40

Health: -1/92      AC: 17    Str: 30    XL:     10   Next: 28%
Magic:  9/9        EV:  8    Int:  4    God:    Trog [***...]
Gold:   32         SH:  0    Dex: 12    Spells: 9/9 levels left

rFire   . . .        a - +0 executioner's axe
rCold   . . .        (shield currently unavailable)
rNeg    . . .        x - +0 plate armour
rPois   .            M - +2 hat
rElec   .            (no cloak)
rCorr   .            J - +2 pair of gloves
SInv    .            q - +0 pair of boots
Will    ++...        (no amulet) Stlth
                     l - +6 ring of strength
HPRegen 1.35/turn    (no ring)
MPRegen 0.11/turn

%: no passive effects
@: strong-willed, regenerating
A: horns 2, retaliatory headbutt
a: Renounce Religion, Berserk, Trog's Hand


You were on level 8 of the Dungeon.
You worshipped Trog.
Trog was most pleased with you.
You visited 1 branch of the dungeon, and saw 8 of its levels.

You collected 929 gold pieces.
You spent 897 gold pieces at shops.

Inventory:

Hand Weapons
 a - a +0 executioner's axe (weapon)
   (You found it on level 6 of the Dungeon)
 b - a +0 shortbow
   (You took it off a centaur on level 7 of the Dungeon)
 y - a +1 trident of flaming
   (You took it off a gnoll sergeant on level 6 of the Dungeon)
 K - a +4 war axe of freezing
   (You took it off a wight on level 6 of the Dungeon)
 L - a +5 morningstar
   (You took it off a wight on level 6 of the Dungeon)
Missiles
 s - 23 poisoned darts (quivered)
 u - 4 throwing nets {!f}
 w - a curare-tipped dart
 Q - 138 stones
Armour
 j - the +0 pair of boots of Nullem {Will+ MP+9 Str-4 Int+3}
   (You found it on level 6 of the Dungeon)

   Str:       It affects your strength (-4).
   Int:       It affects your intelligence (+3).
   MP:        It affects your magic capacity (+9).
   Will:      It increases your willpower.
 q - a +0 pair of boots (worn)
   (You found it on level 3 of the Dungeon)
 x - a +0 plate armour (worn)
   (You found it on level 3 of the Dungeon)
 B - a +0 tower shield
   (You found it on level 4 of the Dungeon)
 J - a +2 pair of gloves (worn)
   (You found it on level 5 of the Dungeon)
 M - a +2 hat (worn)
   (You took it off Gastronok on level 8 of the Dungeon)
Jewellery
 l - a +6 ring of strength (left hand)
   (You found it on level 1 of the Dungeon)
Wands
 f - a wand of flame (9)
   (You bought it in a shop on level 7 of the Dungeon)
 k - a wand of roots (12)
   (You found it on level 6 of the Dungeon)
 v - a wand of charming (16)
   (You found it on level 3 of the Dungeon)
Scrolls
 c - a scroll of vulnerability {!r}
 h - 4 scrolls of immolation {!r}
 i - 2 scrolls of silence {unknown}
 n - 4 scrolls of poison {!r}
 o - a scroll of enchant armour
 r - 2 scrolls of fear
 t - 2 scrolls of teleportation {@r4}
 A - a scroll of torment {unknown}
 C - a scroll of noise {!r}
 D - a scroll of butterflies {unknown}
 G - 2 scrolls of magic mapping {unknown}
 I - a scroll of brand weapon {unknown}
Potions
 d - 2 potions of might
 e - 4 potions of curing {@q1}
 g - 6 potions of heal wounds {@q2}
 m - a potion of flight {unknown}
 p - 3 potions of mutation {!q}
 z - a potion of haste {unknown}
 E - a potion of invisibility
 F - a potion of attraction {!q}
 H - a potion of experience {unknown}
 N - a potion of cancellation {unknown}


   Skills:
 + Level 9.7 Fighting
 * Level 13.0 Axes
 - Level 3.3 Ranged Weapons
 - Level 2.4 Armour
 - Level 2.1 Dodging
 - Level 6.4 Stealth


You had 9 spell levels left.
You didn't know any spells.
Your spell library was empty.

Dungeon Overview and Level Annotations

Branches:
Dungeon (8/15)             Temple (0/1) D:6
   Lair: D:8-11

Altars:
Elyvilon
Gozag
Makhleb
Nemelex Xobeh
Okawaru
Ru
Trog
Uskayaw

Shops:
D:2 (   D:4 (*=*   D:6 ?   D:7 (?!*!

Annotations:
D:2 1 runed translucent door, Crazy Yiuf
D:7 3 runed translucent doors, turdburglar's ghost, novice TrBe


Innate Abilities, Weirdness & Mutations

You have a pair of horns on your head.
You reflexively headbutt those who attack you in melee.


Message History

You enter the shallow water.
Moving in this stuff is going to be slow.
You enter the shallow water.
Moving in this stuff is going to be slow.
An efreet comes into view.
It is wielding a +4 scimitar of flaming.
Okay, then.
A catoblepas comes into view.
The catoblepas bellows!
a - a +0 executioner's axe (weapon)
Your skin crawls.
You feel strong-willed.
You slash the efreet!
The efreet hits you with a +4 scimitar of flaming.
The efreet burns you. The efreet barely misses you. You furiously retaliate!
You headbutt the efreet, but do no damage.
You carve the efreet like a ham!!!
You kill the efreet!
Trog accepts your kill.
You hit the catoblepas.
The catoblepas breathes a plume of calcifying dust at you.
The blast of calcifying dust hits you but does no damage.
Your Axes skill increases to level 13!
The catoblepas barely misses you. You furiously retaliate!
You headbutt the catoblepas! You barely miss the catoblepas.
The catoblepas gores you!
You slash the catoblepas! The catoblepas gores you!!
You slice the catoblepas!!
You headbutt the catoblepas, but do no damage.
The catoblepas breathes a plume of calcifying dust at you.
The blast of calcifying dust hits you. The catoblepas gores you!!
* * * LOW HITPOINT WARNING * * *
The catoblepas gores you but does no damage.
You barely miss the catoblepas.
The catoblepas breathes a plume of calcifying dust at you.
The blast of calcifying dust hits you.
* * * LOW HITPOINT WARNING * * *
The catoblepas breathes a plume of calcifying dust at you.
The blast of calcifying dust hits you.
* * * LOW HITPOINT WARNING * * *
The catoblepas closely misses you.
You barely miss the catoblepas.
The catoblepas breathes a plume of calcifying dust at you.
The blast of calcifying dust hits you but does no damage.
Unknown command.
The catoblepas breathes a plume of calcifying dust at you.
The blast of calcifying dust hits you.
* * * LOW HITPOINT WARNING * * *
The catoblepas gores you!!
You die...

### .#####.. ..#....
.....####### .. ...........
.... #.#.#....# ...
####.#)...####
...####[.§§Y§§§§'...
#.......§§@.#.#.##
#......§....# #.....§..§..#
#......######## #...§..# #.#+
.. #..§...# #.. ...
######.§)...# #.######..#.
#...........# ###.#....#....
##.......P.#.####......~♣~≈~≈.


You could see a catoblepas.

Vanquished Creatures
  Gastronok (D:8)
  An efreet (D:8)
  Menkaure (D:4)
  2 water moccasins
  Duvessa (D:4)
  2 ice beasts
  2 sky beasts
  3 black bears
  5 ogres
  A centaur (D:7)
  3 kobold brigands (D:3)
  3 bullfrogs
  A gnoll sergeant (D:6)
  7 scorpions (D:6)
  5 wights (D:6)
  Dowan (D:4)
  3 killer bees (D:8)
  A howler monkey (D:5)
  2 hounds (D:5)
  3 jellies
  Jessica (D:2)
  3 iguanas
  3 sleepcaps (D:5)
  2 orc wizards
  Robin (D:4)
  17 gnolls
  11 adders
  A shadow imp (D:7)
  A white imp (D:5)
  An ufetubus (D:5)
  2 worms (D:2)
  12 orcs
  6 bats
  4 endoplasms
  3 giant cockroaches
  16 goblins
  13 hobgoblins
  8 jackals
  41 kobolds
  6 quokkas
  4 ball pythons
  4 frilled lizards
  5 rats
213 creatures vanquished.

Vanquished Creatures (collateral kills)
  A gnoll (D:6)
1 creature vanquished.

Grand Total: 214 creatures vanquished

Notes
Turn   | Place    | Note
-------+----------+-------------------------------------------
     0 | D:1      | Pooter the Minotaur Berserker began the quest for the Orb.
     0 | D:1      | Reached XP level 1. HP: 19/19 MP: 0/0
   397 | D:1      | Reached XP level 2. HP: 27/27 MP: 1/1
   416 | D:1      | Reached skill level 4 in Axes
   509 | D:1      | Reached skill level 1 in Stealth
   805 | D:1      | Reached XP level 3. HP: 33/33 MP: 2/2
  1059 | D:2      | Found Bomiulop's Antique Weapon Shoppe.
  1079 | D:2      | Bought a war axe for 66 gold pieces
  1156 | D:2      | Reached ** piety under Trog
  1518 | D:2      | Reached XP level 4. HP: 31/40 MP: 3/3
  1649 | D:2      | Found a runed translucent door.
  1650 | D:2      | Noticed Crazy Yiuf
  1856 | D:2      | Noticed Jessica
  1859 | D:2      | Killed Jessica
  1860 | D:2      | Reached skill level 5 in Axes
  2099 | D:3      | Found an iron altar of Okawaru.
  2159 | D:3      | Found a burning altar of Makhleb.
  2166 | D:3      | Found an opulent altar of Gozag.
  2260 | D:3      | Found a sparkling altar of Nemelex Xobeh.
  2428 | D:3      | Found a faded altar of an unknown god.
  2538 | D:3      | Noticed a kobold brigand
  2546 | D:3      | Reached XP level 5. HP: 47/47 MP: 4/4
  2731 | D:3      | Reached XP level 6. HP: 55/55 MP: 5/5
  2876 | D:3      | Reached skill level 5 in Fighting
  2876 | D:3      | Reached skill level 6 in Axes
  2976 | D:3      | Reached *** piety under Trog
  3432 | D:4      | Found Anaod's Assorted Antiques.
  3445 | D:4      | Bought a scroll labelled TOLOUDIXZA for 27 gold pieces
  3445 | D:4      | Bought a scroll labelled YCZYJO US AFIE for 27 gold pieces
  3445 | D:4      | Bought a black potion for 24 gold pieces
  3445 | D:4      | Bought a scroll labelled CUKKIS FOLI for 27 gold pieces
  3445 | D:4      | Bought a scroll labelled YCZYJO US AFIE for 27 gold pieces
  3467 | D:4      | Noticed Duvessa
  3475 | D:4      | Killed Duvessa
  3475 | D:4      | Noticed Dowan
  3476 | D:4      | Reached XP level 7. HP: 61/61 MP: 6/6
  3482 | D:4      | Killed Dowan
  3483 | D:4      | Reached skill level 7 in Axes
  3699 | D:4      | Found Menkihet's Jewellery Boutique.
  3702 | D:4      | You fall into a shaft and drop 2 floors!
  3702 | D:6      | Found Toesmeix's Magic Scroll Shoppe.
  3720 | D:6      | Bought a scroll of enchant weapon for 75 gold pieces
  3720 | D:6      | Bought a scroll of identify for 20 gold pieces
  3720 | D:6      | Bought a scroll of identify for 20 gold pieces
  3720 | D:6      | Bought a scroll of identify for 20 gold pieces
  3720 | D:6      | Bought a scroll of identify for 20 gold pieces
  3806 | D:6      | Identified the +0 pair of boots of Nullem {Will+ MP+9 Str-4
                  | Int+3}
  3898 | D:6      | Found a staircase to the Ecumenical Temple.
  4021 | D:5      | Entered Level 5 of the Dungeon
  4027 | D:5      | Reached skill level 5 in Stealth
  4083 | D:5      | Reached XP level 8. HP: 70/70 MP: 7/7
  4145 | D:6      | Reached skill level 8 in Axes
  4502 | D:5      | Reached skill level 9 in Axes
  4953 | D:5      | Reached skill level 1 in Ranged Weapons
  5055 | D:4      | Noticed Menkaure
  5058 | D:4      | Found Zaddapt's Distillery.
  5082 | D:3      | Reached XP level 9. HP: 52/79 MP: 8/8
  5309 | D:4      | Killed Menkaure
  5324 | D:4      | Noticed Robin
  5334 | D:4      | Killed Robin
  5453 | D:4      | Bought a potion of curing for 30 gold pieces
  5453 | D:4      | Bought a potion of invisibility for 80 gold pieces
  5453 | D:4      | Bought a potion of heal wounds for 50 gold pieces
  5453 | D:4      | Bought a potion of attraction for 30 gold pieces
  5453 | D:4      | Bought 2 potions of curing for 60 gold pieces
  5453 | D:4      | Bought a potion of heal wounds for 50 gold pieces
  5499 | D:4      | Found Fuitody's Assorted Antiques.
  5504 | D:4      | Bought a scroll labelled QEFIMN MUMUU for 32 gold pieces
  5504 | D:4      | Bought a fizzy blue potion for 28 gold pieces
  5504 | D:4      | Bought a cyan potion for 28 gold pieces
  5813 | D:4      | Found Ovecvif's Weapon Emporium.
  6088 | D:5      | Reached skill level 10 in Axes
  6691 | D:6      | Found a sacrificial altar of Ru.
  7571 | D:7      | Found Ginova's Magic Scroll Shoppe.
  7575 | D:7      | Reached skill level 11 in Axes
  7576 | D:7      | Found Iqyafel's Distillery.
  7584 | D:7      | Found Ufaog's Assorted Antiques.
  7667 | D:7      | Bought a gold wand for 100 gold pieces
  7689 | D:7      | Found a hide-covered altar of Uskayaw.
  7801 | D:7      | Bought a scroll of identify for 28 gold pieces
  7818 | D:7      | Found Zith's Antique Weapon Emporium.
  7957 | D:7      | Found a runed translucent gate.
  7957 | D:7      | Found a runed translucent gate.
  7959 | D:7      | Found a runed translucent gate.
  7959 | D:7      | Found an opulent altar of Gozag.
  7963 | D:7      | Noticed a cyclops
  7963 | D:7      | Noticed turdburglar's ghost (novice TrBe)
  8076 | D:7      | Bought a scroll of identify for 28 gold pieces
  8106 | D:7      | Found Boeqoxie's Distillery.
  8264 | D:7      | Found a bloodstained altar of Trog.
  8419 | D:8      | Noticed Gastronok
  8426 | D:8      | Killed Gastronok
  8427 | D:8      | Reached skill level 12 in Axes
  8427 | D:8      | Reached XP level 10. HP: 91/91 MP: 9/9
  8469 | D:8      | Found a white marble altar of Elyvilon.
  9013 | D:8      | Noticed a catoblepas
  9019 | D:8      | Reached skill level 13 in Axes
  9029 | D:8      | Slain by a catoblepas

Illustrated notes

Levels and vault maps discovered:
D:1:      spicycebolla_green_bress_n_ham, layout_loops_corners,
          minmay_misc_feat_cross, grunt_decor_arrowhead
D:2:      minmay_angry_zag, layout_basic, serial_shops, shop, uniq_jessica,
          uniq_crazy_yiuf_cottage
D:3:      minmay_goblin_kobold_castle, layout_loops_ring, lemuel_doored_altar,
          nemelex_dance_club_becter, mainiacjoe_overflow_large_starburst,
          hellmonk_ecumenical_altar_heavens_door
D:4:      layout_loops_ring, serial_shops, shop,
          nicolae_shop_bloodbath_and_beyond, shop, shop, shop,
          kennysheep_small_spiral, nicolae_titane, uniq_robin, uniq_menkaure,
          uniq_duvessa
D:5:      minmay_polygon_palace, layout_basic, minmay_door_square
D:6:      old_forge, layout_basic, pf_just_have_faith,
          minmay_temple_entry_trees, serial_shops, shop_coins
D:7:      layout_cave_pools, mainiacjoe_overflow_small_starburst,
          lemuel_crystal_altar, ebering_ghost_gozag, serial_shops,
          nicolae_shop_stone, nicolae_shop_temple_entry_statues_fountains, shop,
          kennysheep_mini, nicolae_shop_peninsula
D:8:      minmay_diamond_stairs, layout_basic, mainiacjoe_overflow_tiny_flanked,
          gammafunk_temple_overflow_elements, serial_rivers,
          chequers_serial_rivers_large_b, chequers_serial_rivers_room_b,
          chequers_serial_rivers_large_a, chequers_serial_rivers_marsh,
          minmay_misc_feat_tower, minmay_misc_feat_encased,
          minmay_misc_feat_diagonals, uniq_gastronok

Skill      XL: |  1  2  3  4  5  6  7  8  9 10 |
---------------+-------------------------------+-----
Axes           | 4 5 6 7 9 12 13 | 13.0
Stealth        | 1 2 3 4 5 6 |  6.4
Fighting       | 4 5 6 7 9 |  9.7
Ranged Weapons | 1 3 |  3.3
Armour         | |  2.4
Dodging        | |  2.1

Action                     |  1- 3 |  4- 6 |  7- 9 | 10-12 || total
---------------------------+-------+-------+-------+-------++-------
  Melee: Hand axe          |    73 |       |       |       ||    73
         Headbutt          |     9 |    10 |    39 |     1 ||    59
         War axe           |    15 |   105 |   160 |     7 ||   287
         Punch             |     1 |       |       |       ||     1
         Executioner's axe |       |       |    49 |    10 ||    59
   Fire: Sling             |       |       |    22 |       ||    22
         Shortbow          |       |       |    14 |     3 ||    17
  Throw: Stone             |       |     1 |     1 |       ||     2
         Dart              |       |       |     7 |     2 ||     9
 Invoke: Berserk           |     2 |     3 |    13 |       ||    18
         Trog's Hand       |       |     3 |     9 |     1 ||    13
  Evoke: Wand              |       |       |     1 |       ||     1
    Use: Scroll            |       |     5 |    12 |       ||    17
   Stab: Sleeping          |     1 |     2 |       |       ||     3
         Held in net/web   |       |       |     1 |       ||     1
 Armour: Animal skin       |    10 |       |       |       ||    10
         Ring mail         |    11 |    32 |       |       ||    43
         Plate armour      |       |    12 |   142 |    10 ||   164
  Dodge: Dodged            |    55 |    68 |    93 |     8 ||   224
  Block: Tower shield      |       |       |    32 |       ||    32
